 Dungeon Crawl Stone Soup version 0.30-a0-986-g7f2e898f52 (webtiles) character file.

Game seed: 14409766206477844326

63052 ytrimaz the Brawler (level 14, -15/110 HPs)
             Began as a Demonspawn Berserker on Apr 2, 2023.
             Was a High Priest of Trog.
             Demolished by a tengu warrior
             ... wielding a +2 great sword of holy wrath
              (25 damage)
             ... on level 15 of the Dungeon.
             The game lasted 00:30:32 (20387 turns).

ytrimaz the Brawler (Demonspawn Berserker)         Turns: 20387, Time: 00:30:33

Health: -15/110    AC: 25    Str: 23    XL:     14   Next: 66%
Magic:  0/14       EV:  8    Int:  8    God:    Trog [*****.]
Gold:   1141       SH:  0    Dex: 17    Spells: 13/13 levels left

rFire   . . .      SeeInvis .      - Unarmed
rCold   + . .      Faith    .    (no shield)
rNeg    . . .      Spirit   +    C - +0 plate armour
rPois   +          Reflect  .    (helmet restricted)
rElec   .          Rampage  .    H - scarf {repulsion}
rCorr   .                        G - +0 pair of gloves
Will    +....                    e - +0 pair of boots Stlth
                                 I - amulet of regeneration
HPRegen 1.18/turn                d - +4 ring of protection
MPRegen 0.28/turn                B - ring "Welitz" {rPois rC+ Dex+4}

@: repel missiles
A: horns 2, molten scales 2, ignite blood 1, magic shield, magic regeneration,
frail 1, subdued magic 1
a: Renounce Religion, Berserk, Trog's Hand, Brothers in Arms


You were on level 15 of the Dungeon.
You worshipped Trog.
Trog was extremely pleased with you.
You visited 2 branches of the dungeon, and saw 17 of its levels.
You visited the Abyss 1 time.
You also visited: Sewer and Bailey.

You collected 2001 gold pieces.
You spent 860 gold pieces at shops.


Innate Abilities, Weirdness & Mutations

You have a pair of horns on your head.
You are mostly covered in molten scales. (AC +3)
Your demonic aura sometimes causes spilled blood to erupt in flames.
When hurt, damage is shared between your health and your magic reserves.
You regenerate magic rapidly.
You are frail. (-10% HP)
Your spells are a little easier to cast, but a little less powerful.


   Skills:
 - Level 15.0 Fighting
 - Level 12.0 Armour
 - Level 1.7 Dodging
 + Level 16.4 Unarmed Combat


You had 13 spell levels left.
You didn't know any spells.
Your spell library was empty.

Inventory:

Hand Weapons
 J - a +0 whip
   (You took it off an orc on level 1 of the Orcish Mines)
Missiles
 L - a throwing net
Armour
 e - a +0 pair of boots (worn)
   (You found it on level 3 of the Dungeon)
 C - a +0 plate armour (worn)
   (You found it on level 7 of the Dungeon)
 G - a +0 pair of gloves (worn)
   (You found it on level 9 of the Dungeon)
 H - a scarf of repulsion (worn)
   (You bought it in a shop on level 4 of the Dungeon)
Jewellery
 d - a +4 ring of protection (left hand)
   (You found it on level 1 of the Dungeon)
 g - an amulet of the acrobat
   (You found it on level 1 of the Dungeon)
 q - an amulet of faith
   (You found it on level 4 of the Dungeon)
 u - a ring of willpower
   (You found it on level 4 of the Dungeon)
 B - the ring "Welitz" (right hand) {rPois rC+ Dex+4}
   (You found it on level 7 of the Dungeon)

   [ring of poison resistance]

   Dex:       It affects your dexterity (+4).
   rC:        It protects you from cold.
   rPois:     It protects you from poison.
 D - the ring of Lukhlulua {Wiz rElec rPois rF+ Will-}
   (You found it on level 8 of the Dungeon)

   [ring of wizardry]

   It improves your spell success rate.
   rF:        It protects you from fire.
   rElec:     It insulates you from electricity.
   rPois:     It protects you from poison.
   Will:      It decreases your willpower.
 I - an amulet of regeneration (around neck)
   (You found it on level 9 of the Dungeon)
 M - a ring of fire
   (You found it on level 14 of the Dungeon)
 N - a ring of see invisible
   (You found it on level 14 of the Dungeon)
Wands
 b - a wand of polymorph (7)
   (You took it off Terence on level 2 of the Dungeon)
 m - a wand of iceblast (7) (quivered)
   (You found it on level 2 of the Dungeon)
 x - a wand of digging (8)
   (You took it off Ijyb on level 5 of the Dungeon)
 y - a wand of flame (15)
   (You found it on level 6 of the Dungeon)
Scrolls
 a - a scroll of torment
 f - 6 scrolls of fog
 h - 2 scrolls of noise
 i - 4 scrolls of magic mapping
 k - 4 scrolls of teleportation
 o - 2 scrolls of silence
 z - 13 scrolls of identify
 A - a scroll of fear
 E - 2 scrolls of enchant weapon
 K - 2 scrolls of blinking
Potions
 c - 3 potions of mutation
 j - 4 potions of flight
 l - 2 potions of cancellation
 n - 3 potions of heal wounds
 p - a potion of magic
 r - 2 potions of berserk rage
 s - 4 potions of brilliance
 t - 2 potions of might
 v - 2 potions of ambrosia
 w - 3 potions of lignification
 F - a potion of curing

Dungeon Overview and Level Annotations

Branches:
Dungeon (15/15) Zot: 26115  Temple (0/1) D:5            Lair (0/5) D:9
    Orc (2/2) D:9 Zot: 9600     Elf (0/3) Orc:2        Vaults (0/5) D:14
  Sewer (visited)          Bailey (visited)
 Depths: D:15

Altars:
Cheibriados
Dithmenos
Gozag
Kikubaaqudgha
Nemelex Xobeh
Ru
Vehumet

Shops:
D:1 (   D:4 *   D:5 (*[*   D:8 [   D:10 [   Orc:2 :![?

Annotations:
D:3 1 runed translucent door, xian's ghost, weakling DsAE
D:15 Roxanne
Orc:1 2 transporters, 1 runed translucent door, exclusion: door, Shard1697's ghost, journeyman AtFi

.##....##.#.##
##....### #.#
.##..........#
##.....###.#
.##..........#
##........#
.##.#####.##.#
###....... .##.#
#.##.# ###.....
.##.#
#.##.###########
###### .##.#
#.##.#..........
.##.# #.##...Q.#
.##.# #.##.#.○@# #
.#<.#####.##.#.OQ#
##
.............#..(#
#.
.........^...#..$#
#.
##...........#.#..
#.
##..##########.###.
## ##..# ... .# #
##..# ..<# # ##..#
####


You could see 2 tengu warriors and a friendly ogre (summoned, berserk).


Message History

The tengu warrior hits you but does no damage. 😕 HP[-26] MP[-4]
You take 26 damage, and now have 84/110 hp.
MASSIVE DAMAGE!! (PAUSE)
You lost 4 mp, and now have 10/14 mp.
The tengu warrior hits you but does no damage.
The tengu warrior pecks you. The tengu warrior barely misses you.
You see here 6 stones.
You punch the tengu conjurer!
The tengu warrior hits you with a +2 great sword of holy wrath!!
You convulse!!
* * * LOW HITPOINT WARNING * * *
The tengu warrior pecks you.
* * * LOW HITPOINT WARNING * * *
The tengu warrior claws you.
* * * LOW HITPOINT WARNING * * *
You hit the tengu conjurer. You headbutt the tengu conjurer.
You punch the tengu conjurer!
You kill the tengu conjurer!
Trog accepts your kill.
Trog appreciates your killing of a magic user.
The tengu warrior hits you from afar with a +2 halberd.
* * * LOW HITPOINT WARNING * * *
The tengu warrior completely misses you.
The tengu warrior pecks you but does no damage.
The tengu warrior claws you but does no damage. 😨 HP[-44] MP[-6]
You take 44 damage, and now have 40/110 hp.
MASSIVE DAMAGE!! (PAUSE)
You lost 6 mp, and now have 4/14 mp.
Unknown command.
You punch the tengu warrior! You headbutt the tengu warrior!
The tengu warrior hits you but does no damage.
The tengu warrior hits you with a +2 great sword of holy wrath.
* * * LOW HITPOINT WARNING * * *
You convulse.
* * * LOW HITPOINT WARNING * * *
The tengu warrior closely misses you.
The tengu warrior barely misses you. 😨 HP[-2] MP[+1]
You take 2 damage, and now have 38/110 hp.
Okay, then.
The tengu warrior hits you with a +2 great sword of holy wrath.
* * * LOW HITPOINT WARNING * * *
You convulse.
* * * LOW HITPOINT WARNING * * *
The tengu warrior pecks you.
* * * LOW HITPOINT WARNING * * *
The tengu warrior claws you but does no damage. 😨 HP[-7] MP[-1]
You take 7 damage, and now have 31/110 hp.
You lost 1 mp, and now have 4/14 mp.
Okay, then.
Your ogre goes berserk!
The tengu warrior hits you but does no damage.
The tengu warrior pecks you but does no damage.
The tengu warrior claws you but does no damage. 😨 HP[+1]
Your ogre misses the tengu warrior.
You see here the Volume of the Congregated Birds. 😨 HP[+1] MP[+1]
The tengu warrior hits your ogre with a +2 halberd!
The tengu warrior pecks your ogre.
The tengu warrior claws your ogre! 😨 HP[+1]
You hit the tengu warrior but do no damage.
Your ogre hits the tengu warrior with a +0 giant club!! 😨 HP[+1] Unknown command.
You miss the tengu warrior. Your ogre misses the tengu warrior.
The tengu warrior hits you but does no damage. 😨 HP[+1]
The tengu warrior hits you with a +2 great sword of holy wrath.
* * * LOW HITPOINT WARNING * * *
You convulse.
* * * LOW HITPOINT WARNING * * *
The tengu warrior pecks you but does no damage.
The tengu warrior claws you but does no damage.
The tengu warrior hits you but does no damage.
The tengu warrior pecks you but does no damage.
The tengu warrior closely misses you.
Your ogre barely misses the tengu warrior.
You see here the Volume of the Congregated Birds. 😨 HP[-5] MP[-1]
You take 5 damage, and now have 31/110 hp.
You lost 1 mp, and now have 4/14 mp.
You punch the tengu warrior! You headbutt the tengu warrior!
The tengu warrior closely misses you.
The tengu warrior pecks you but does no damage.
The tengu warrior claws you but does no damage. 😨 HP[+1] MP[+1] Unknown command.
You hit the tengu warrior but do no damage.
Your ogre completely misses the tengu warrior.
The tengu warrior hits you with a +2 halberd!
* * * LOW HITPOINT WARNING * * *
The tengu warrior pecks you but does no damage.
The tengu warrior claws you but does no damage.
The tengu warrior hits you with a +2 great sword of holy wrath!!
* * * LOW HITPOINT WARNING * * *
You convulse!!
You die...

Skill      XL: |  1  2  3  4  5  6  7  8  9 10 11 12 13 14 |
---------------+-------------------------------------------+-----
Unarmed Combat | 3 4 5 6 7 9 11 12 14 16 | 16.4
Fighting       | 7 11 15 | 15.0
Armour         | 3 10 12 | 12.0
Dodging        | |  1.7

Action                     |  1- 3 |  4- 6 |  7- 9 | 10-12 | 13-15 || total
---------------------------+-------+-------+-------+-------+-------++-------
  Melee: Unarmed           |   128 |   132 |   342 |   660 |   508 ||  1770
         Punch             |     3 |     2 |    20 |    47 |    66 ||   138
         Headbutt          |    13 |    13 |    62 |   140 |   150 ||   378
 Invoke: Berserk           |     1 |     4 |     3 |     9 |     7 ||    24
         Trog's Hand       |       |       |       |     7 |     8 ||    15
         Brothers in Arms  |       |       |       |       |     6 ||     6
  Evoke: Wand              |       |       |       |     7 |     3 ||    10
    Use: Scroll            |     4 |     7 |     8 |     8 |     4 ||    31
         Potion            |     2 |     1 |       |     2 |     2 ||     7
   Stab: Sleeping          |       |       |     3 |       |       ||     3
 Armour: Animal skin       |    39 |    36 |    65 |       |       ||   140
         Plate armour      |       |       |    30 |   558 |   482 ||  1070
         Skin              |       |       |       |     9 |       ||     9
         Troll leather arm |       |       |       |    10 |       ||    10
  Dodge: Dodged            |    85 |    76 |   216 |   257 |   222 ||   856
         Repelled          |       |       |       |    11 |     4 ||    15

Levels and vault maps discovered:
D:1:      dpeg_arrival_rooms_c, layout_basic, serial_shops,
          nicolae_shop_overgrown_old_shop
D:2:      layout_basic, ebering_ecumenical_altar_sacrificial, uniq_terence
D:3:      layout_loops_ring, marbit_many_paths,
          minmay_overflow_temple_star_quad, gup_sewer_entry_bowl,
          hellmonk_ghost_happy_afterlife
D:4:      layout_basic, mainiacjoe_overflow_swirl,
          chequers_serial_rivers_small_3, fountainhead,
          nicolae_shop_sticking_my_neck_out
D:5:      layout_basic, lemuel_temple_firewalk_b, serial_shops,
          nicolae_shop_statue_plus, kennysheep_mini,
          nicolae_shop_overgrown_old_shop, shop, uniq_ijyb
D:6:      layout_rooms, mainiacjoe_overflow_brackets
D:7:      layout_layer_cave
D:8:      layout_basic, serial_shops, nicolae_shop_statue_plus, enter_bailey_2,
          hangedman_abyss_or_decor_passed
D:9:      kennysheep_blocky_hall, layout_loops_ring, david_lair_shrubbed,
          david_orc_4, minmay_puff
D:10:     layout_layer_cave, serial_shops, shop_fountains,
          minmay_unpleasant_kobolds
D:11:     layout_long_grid, portal_ice_cave_entry_animals_and_master,
          zin_treasury, uniq_lodul
D:12:     layout_basic, kennysheep_small_circle
D:13:     layout_roguey, uniq_josephine
D:14:     minmay_shrinking_squares, layout_stronghold,
          grunt_vaults_entry_tiered, uniq_nessos
D:15:     hangedman_depths_entry_try_elsewhere_first, layout_basic,
          minmay_misc_feat_cross, serial_curves, eino_curves_01, eino_curves_01,
          nemelex_diamond_rough_becter, uniq_louise, uniq_roxanne
Orc:1:    dreamdust_dug_too_deep, layout_diamond_mine, gammafunk_ghost_smash,
          uniq_snorg
Orc:2:    kennysheep_orc_mage_school, layout_caves

Notes
Turn   | Place    | Note
-------+----------+-------------------------------------------
     0 | D:1      | ytrimaz the Demonspawn Berserker began the quest for the
                  | Orb.
     0 | D:1      | Reached XP level 1. HP: 18/18 MP: 1/1
     0 | D:1      | magus.rc [v1.9.6]
   115 | D:1      | Reached skill level 3 in Unarmed Combat
   258 | D:1      | Gained mutation: You have a pair of small horns on your
                  | head. [demonic ancestry]
   258 | D:1      | Reached XP level 2. HP: 21/24 MP: 2/2
   452 | D:1      | Found Luck's Antique Weapon Shoppe.
   568 | D:1      | Gained mutation: You regenerate magic rapidly. [demonic
                  | ancestry]
   568 | D:1      | Reached XP level 3. HP: 28/29 MP: 3/3
  1119 | D:2      | Reached ** piety under Trog
  1120 | D:2      | Reached skill level 4 in Unarmed Combat
  1158 | D:2      | Found a faded altar of an unknown god.
  1396 | D:2      | Noticed Terence
  1441 | D:2      | Killed Terence
  1442 | D:2      | Gained mutation: You have a pair of horns on your head.
                  | [demonic ancestry]
  1442 | D:2      | Reached XP level 4. HP: 30/35 MP: 4/4
  2051 | D:3      | Reached skill level 5 in Unarmed Combat
  2094 | D:3      | Found a glowing drain.
  2099 | Sewer    | Entered a sewer
  2196 | Sewer    | Noticed a kobold brigand
  2207 | Sewer    | Gained mutation: Your demonic aura sometimes causes spilled
                  | blood to erupt in flames. [demonic ancestry]
  2207 | Sewer    | Reached XP level 5. HP: 39/41 MP: 5/5
  2361 | Sewer    | Reached skill level 6 in Unarmed Combat
  2361 | Sewer    | Reached XP level 6. HP: 34/47 MP: 6/6
  2523 | Sewer    | Reached skill level 7 in Unarmed Combat
  2677 | Sewer    | Reached XP level 7. HP: 52/52 MP: 7/7
  2740 | D:3      | Noticed xian's ghost (weakling DsAE)
  2792 | D:3      | Found a snail-covered altar of Cheibriados.
  2998 | D:3      | Found a runed translucent door.
  3126 | D:3      | Found an ancient bone altar of Kikubaaqudgha.
  3143 | D:3      | Found a sparkling altar of Nemelex Xobeh.
  3148 | D:3      | Found a sacrificial altar of Ru.
  3317 | D:4      | Reached skill level 8 in Unarmed Combat
  3561 | D:4      | Reached *** piety under Trog
  3598 | D:4      | Found Lene's Neck Hole.
  3671 | D:4      | Reached skill level 9 in Unarmed Combat
  3671 | D:4      | Reached XP level 8. HP: 51/58 MP: 8/8
  3750 | D:4      | Found a shadowy altar of Dithmenos.
  4108 | D:5      | Entered Level 5 of the Dungeon
  4421 | D:5      | Found Ucroow's Assorted Antiques.
  4424 | D:5      | Found Xonuigoo's Antique Armour Shoppe.
  4429 | D:5      | Bought a twisted scale mail for 252 gold pieces
  4429 | D:5      | Identified the +0 scale mail of Qal Zeimarypn {rElec Int-3
                  | Dex+6} (You bought it in a shop on level 5 of the Dungeon)
  4637 | D:5      | Reached skill level 10 in Unarmed Combat
  4697 | D:5      | Noticed Ijyb
  4733 | D:5      | Killed Ijyb
  5017 | D:5      | Found Noqau's Assorted Antiques.
  5231 | D:5      | Found a staircase to the Ecumenical Temple.
  5354 | D:5      | Found Pifrorun's Antique Weapon Emporium.
  5702 | D:6      | Reached skill level 11 in Unarmed Combat
  5766 | D:6      | Gained mutation: When hurt, damage is shared between your
                  | health and your magic reserves. [demonic ancestry]
  5766 | D:6      | Reached XP level 9. HP: 30/63 MP: 9/9
  5907 | D:6      | Found an opulent altar of Gozag.
  6416 | D:7      | Reached **** piety under Trog
  6680 | D:7      | Reached skill level 12 in Unarmed Combat
  6856 | D:7      | Reached skill level 4 in Fighting
  7151 | D:7      | Identified the ring "Welitz" {rPois rC+ Dex+4}
  7720 | D:8      | Reached skill level 5 in Fighting
  7744 | D:8      | Found a flagged portal.
  7757 | D:8      | Found Asmuosih's Armour Shop.
  7791 | D:8      | Reached skill level 6 in Fighting
  7851 | Bailey   | Entered a bailey
  7885 | Bailey   | Reached skill level 7 in Fighting
  7902 | Bailey   | Reached XP level 10. HP: 27/79 MP: 4/10
  8016 | Bailey   | Reached skill level 8 in Fighting
  8201 | Bailey   | Noticed a vault guard
  8213 | Bailey   | Killed a vault guard
  8214 | Bailey   | Reached skill level 9 in Fighting
  8255 | Bailey   | Reached skill level 10 in Fighting
  8321 | Bailey   | Noticed a vault guard
  8321 | Bailey   | Noticed Prince Ribbit
  8336 | Bailey   | Killed a vault guard
  8338 | Bailey   | Killed Prince Ribbit
  8339 | Bailey   | Reached skill level 11 in Fighting
  8915 | D:8      | Identified the ring of Lukhlulua {Wiz rElec rPois rF+
                  | Will-}
  9542 | D:9      | Gained mutation: You are partially covered in molten
                  | scales. (AC +2) [demonic ancestry]
  9542 | D:9      | Reached XP level 11. HP: 91/95 MP: 9/11
  9597 | D:9      | Noticed a two-headed ogre
  9604 | D:9      | Killed a two-headed ogre
  9605 | D:9      | Reached skill level 12 in Fighting
  9910 | D:4      | Bought a scarf of repulsion for 132 gold pieces
 10092 | D:10     | Entered Level 10 of the Dungeon
 10243 | D:9      | Noticed a two-headed ogre
 10252 | D:9      | Killed a two-headed ogre
 10324 | D:9      | Found a staircase to the Lair.
 10406 | D:9      | Reached ***** piety under Trog
 10424 | D:9      | Reached skill level 13 in Fighting
 10677 | D:9      | Found a staircase to the Orcish Mines.
 10689 | Orc:1    | Entered Level 1 of the Orcish Mines
 10703 | Orc:1    | Noticed Snorg
 10704 | Orc:1    | Noticed an orc knight
 10746 | Orc:1    | Killed an orc knight
 10765 | Orc:1    | HP: 37/148 [Snorg (7)]
 10767 | Orc:1    | Killed Snorg
 10768 | Orc:1    | Reached skill level 14 in Fighting
 10816 | Orc:1    | Found a transporter.
 10816 | Orc:1    | Identified the +2 great mace of Rotation {protect, rF-
                  | Int+3 Dex+3}
 10816 | Orc:1    | Identified the +4 great mace of Recklessness {freeze, rElec
                  | rF+++ MP-9}
 10816 | Orc:1    | Noticed an ettin
 10826 | Orc:1    | Noticed Shard1697's ghost (journeyman AtFi)
 10827 | Orc:1    | Found a transporter.
 10831 | Orc:1    | Noticed a two-headed ogre
 10831 | Orc:1    | Noticed a two-headed ogre
 10832 | Orc:1    | Noticed a two-headed ogre
 10832 | Orc:1    | Noticed a two-headed ogre
 11089 | Orc:1    | Found a runed translucent door.
 11092 | Orc:1    | Noticed a balrug
 11279 | Orc:2    | Entered Level 2 of the Orcish Mines
 11279 | Orc:2    | Noticed an orc knight
 11299 | Orc:1    | HP: 37/151 [orc warrior/+0 flail (10)]
 11302 | Orc:1    | Killed an orc knight
 11599 | Orc:2    | Found a staircase to the Elven Halls.
 11649 | Orc:2    | Reached skill level 15 in Fighting
 11707 | Orc:2    | Reached skill level 2 in Armour
 11739 | Orc:2    | Noticed an orc sorcerer
 11749 | Orc:2    | Killed an orc sorcerer
 11971 | Orc:2    | Noticed an orc sorcerer
 11971 | Orc:2    | Noticed an orc sorcerer
 11971 | Orc:2    | Noticed an orc sorcerer
 11975 | Orc:2    | Noticed a sixfirhy
 11975 | Orc:2    | Paralysed by an orc sorcerer for 2 turns
 11976 | Orc:2    | Noticed an orc sorcerer
 12112 | Orc:2    | Killed an orc sorcerer
 12113 | Orc:2    | Reached skill level 3 in Armour
 12113 | Orc:2    | Gained mutation: You are mostly covered in molten scales.
                  | (AC +3) [demonic ancestry]
 12113 | Orc:2    | Reached XP level 12. HP: 103/106 MP: 12/12
 12201 | Orc:2    | Paralysed by an orc sorcerer for 5 turns
 12216 | Orc:2    | Reached skill level 4 in Armour
 12436 | Orc:2    | Gained mutation: You have hidden genetic defects. [a
                  | neqoxec]
 12474 | Orc:2    | Found Lizxeoll's Magic Scroll Boutique.
 12499 | Orc:2    | Found Citywid's Antique Armour Shop.
 12534 | Orc:2    | Found a radiant altar of Vehumet.
 12535 | Orc:2    | Noticed an ogre mage
 12544 | Orc:2    | Killed an ogre mage
 12545 | Orc:2    | Reached skill level 5 in Armour
 12611 | Orc:2    | Noticed an ogre mage
 12624 | Orc:2    | Killed an ogre mage
 12653 | Orc:2    | Reached skill level 6 in Armour
 12718 | Orc:2    | Found an ancient bone altar of Kikubaaqudgha.
 12742 | Orc:2    | Found Petak's Distillery.
 12758 | Orc:2    | Gained mutation: Your spells are a little easier to cast,
                  | but a little less powerful. [hidden defects]
 12865 | Orc:2    | Reached skill level 7 in Armour
 12886 | Orc:2    | Found Icwial's Book Boutique.
 13309 | D:5      | Bought an ancient scale mail for 306 gold pieces
 13309 | D:5      | Identified the +5 scale mail "Ytiymou" {Harm *Corrode
                  | rPois} (You bought it in a shop on level 5 of the Dungeon)
 13309 | D:5      | Bought a potion of heal wounds for 170 gold pieces
 14021 | D:10     | Reached skill level 8 in Armour
 14470 | D:10     | Found Unoero's Armour Shoppe.
 15036 | D:11     | Gained mutation: You are frail. (-10% HP) [hidden defects]
 15036 | D:11     | Lost mutation: You have hidden genetic defects. [hidden
                  | defects expressed]
 15038 | D:11     | Reached skill level 9 in Armour
 15040 | D:11     | Noticed Lodul
 15050 | D:11     | Killed Lodul
 15101 | D:11     | Noticed a centaur warrior
 15107 | D:11     | Killed a centaur warrior
 15249 | D:11     | Identified the +0 chain mail "Heritufing" {rPois Will+}
 15716 | D:11     | Reached skill level 10 in Armour
 15731 | D:11     | Reached XP level 13. HP: 54/103 MP: 6/13
 15954 | D:12     | HP: 20/103 [fire elemental[a deep elf pyromancer] (11)]
 15964 | D:12     | HP: 23/154 [deep elf pyromancer/bolt of fire (19)]
 16277 | D:12     | Reached skill level 11 in Armour
 16899 | D:13     | Identified the +3 falchion "Vetun" {speed, rF- Int+6}
 16950 | D:13     | Noticed Josephine
 16954 | D:13     | Killed Josephine
 16955 | D:13     | Reached skill level 12 in Armour
 16963 | D:13     | Reached ****** piety under Trog
 17656 | D:14     | Received a gift from Trog
 17676 | D:14     | Found a gate to the Vaults.
 17691 | D:14     | Reached skill level 13 in Unarmed Combat
 17871 | D:14     | Noticed Nessos
 17887 | D:14     | Killed Nessos
 18057 | D:14     | Found the +3 giant club "Skullcrusher" {speed, Str+7}
 18058 | D:14     | Noticed a crystal guardian
 18073 | D:14     | Killed a crystal guardian
 18074 | D:14     | Reached skill level 14 in Unarmed Combat
 18344 | D:14     | Reached XP level 14. HP: 77/110 MP: 11/14
 18849 | D:15     | Entered Level 15 of the Dungeon
 19057 | D:15     | Found a sparkling altar of Nemelex Xobeh.
 19271 | D:15     | HP: 27/110 [boulder beetle (6)]
 19452 | D:15     | Noticed Roxanne
 19529 | D:15     | Noticed Louise
 19555 | D:15     | Killed Louise
 19556 | D:15     | Reached skill level 15 in Unarmed Combat
 19574 | D:15     | You are cast into the Abyss!
 19574 | Abyss:2  | Cast into level 2 of the Abyss (a deep elf demonologist)
 19673 | Abyss:2  | HP: 27/110 [thrashing horror (4)]
 19678 | Abyss:2  | HP: 13/110 [raiju/living lightning (11)]
 19679 | Abyss:2  | HP: 6/110 [raiju/living lightning (8)]
 19684 | Abyss:2  | HP: 24/110 [starcursed mass/accursed screaming (14)]
 19684 | Abyss:2  | Paralysed by accursed screaming for 1 turns
 19746 | Abyss:2  | Found a corrupted altar of Lugonu.
 19748 | Abyss:2  | Noticed a bone dragon
 19765 | Abyss:2  | Killed a bone dragon
 19813 | Abyss:2  | Noticed a tentacled starspawn
 19831 | Abyss:2  | Killed a tentacled starspawn
 20014 | Abyss:2  | Noticed a lich
 20029 | Abyss:2  | Killed a lich
 20075 | Abyss:2  | Reached skill level 16 in Unarmed Combat
 20204 | D:15     | You pass through the gate.
 20204 | D:15     | Escaped the Abyss
 20387 | D:15     | HP: 26/110 [tengu warrior/+2 halberd (7)]
 20387 | D:15     | HP: 10/110 [tengu warrior/+2 great sword of holy wrath
                  | (16)]
 20387 | D:15     | Demolished by a tengu warrior

Vanquished Creatures
  A bone dragon (Abyss:2)
  A lich (Abyss:2)
  A tentacled starspawn (Abyss:2)
  Louise (D:15)
  Nessos (D:14)
  2 deep elf demonologists (D:15)
  Snorg (Orc:1)
  Josephine (D:13)
  3 vault guards
  3 two-headed ogres
  A catoblepas (D:15)
  4 centaur warriors
  2 ogre magi (Orc:2)
  2 boulder beetles
  A tengu warrior (D:15)
  A deep troll earth mage (D:14)
  2 thrashing horrors (Abyss:2)
  2 deep elf knights (D:15)
  A wretched star (Abyss:2)
  Lodul (D:11)
  2 wizards (D:14)
  9 orc sorcerers (Orc:2)
  2 orc knights (Orc:1)
  2 deep elf pyromancers
  2 manticores
  2 ugly things
  3 cyclopes
  A worldbinder (Abyss:2)
  A smoke demon (Abyss:2)
  2 unseen horrors
  2 komodo dragons
  An efreet (D:15)
  2 rime drakes (D:11)
  A rime drake (shapeshifter) (D:14)
  A kobold demonologist (D:9)
  4 tengu conjurers
  A troll (shapeshifter) (D:14)
  6 trolls
  2 polar bears (D:11)
  A polar bear (shapeshifter) (D:15)
  3 raiju (Abyss:2)
  Prince Ribbit (Bailey)
  A centaur simulacrum (D:14)
  3 slime creatures
  A small abomination (Abyss:2)
  3 large abominations (Abyss:2)
  2 shadows
  A vampire (D:12)
  6 wyverns
  5 wraiths (D:13)
  2 ynoxinuls (Abyss:2)
  19 yaks
  A basilisk (shapeshifter) (D:15)
  27 humans
  A basilisk (D:15)
  8 vampire mosquitoes
  2 wargs (Orc:1)
  2 acid dragons
  4 water moccasins
  17 orc warriors
  A sky beast (D:7)
  2 black bears
  7 centaurs
  A wolf (D:11)
  22 ogres
  11 kobold brigands
  2 phantoms
  12 bullfrogs
  6 scorpions
  4 killer bees (D:10)
  A howler monkey (D:9)
  A quasit (Abyss:2)
  2 hounds
  4 jellies (D:6)
  7 orc priests
  Terence (D:2)
  3 sleepcaps
  Ijyb (D:5)
  4 iguanas
  38 orc wizards
  7 gnolls
  6 adders
  A river rat (Sewer)
  2 shadow imps (D:6)
  2 white imps (D:6)
  3 ufetubi
  4 worms
  3 dart slugs
  53 orcs
  10 ball pythons
  4 endoplasms
  5 giant cockroaches
  12 goblins
  11 hobgoblins
  2 jackals (D:3)
  13 quokkas
  2 bats (D:1)
  A frilled lizard (D:1)
  26 kobolds
  7 rats
492 creatures vanquished.

Vanquished Creatures (collateral kills)
  A crystal guardian (D:14)
  2 vault guards (D:14)
  A tengu warrior (D:14)
  A deep troll earth mage (D:14)
  A necromancer (D:14)
  4 slime creatures (D:14)
  A human (D:14)
11 creatures vanquished.

Vanquished Creatures (others)
  2 orc wizards
  2 lurking horrors (Abyss:2)
  32 plants (D:9)
  2 starspawn tentacles (Abyss:2)
38 creatures vanquished.

Grand Total: 541 creatures vanquished

Table legend:
 A = Non-vault XP
 B = Vault XP
 C = Vault XP percentage of total XP
 D = Non-vault monster count
 E = Vault monster count
 F = Vault count percentage of total count
                 A         B        C        D         E       F
            +---------+---------+-------+---------+---------+-------
      Total |   53783 |   36292 |  40.3 |     326 |     179 |  35.4
            +---------+---------+-------+---------+---------+-------
        D:1 |      50 |       0 |   0.0 |      27 |       0 |   0.0
        D:2 |      48 |      38 |  44.2 |      11 |       1 |   8.3
        D:3 |      44 |       9 |  17.0 |      15 |       5 |  25.0
        D:4 |     625 |       0 |   0.0 |      20 |       0 |   0.0
        D:5 |     846 |      36 |   4.1 |      22 |       1 |   4.3
        D:6 |     880 |       0 |   0.0 |      18 |       0 |   0.0
        D:7 |    1034 |       0 |   0.0 |      19 |       0 |   0.0
        D:8 |     939 |       0 |   0.0 |      18 |       0 |   0.0
        D:9 |    3248 |    2631 |  44.8 |      17 |      26 |  60.5
       D:10 |    2731 |     103 |   3.6 |      21 |       6 |  22.2
       D:11 |    2757 |    3672 |  57.1 |      16 |      16 |  50.0
       D:12 |    3656 |     341 |   8.5 |      12 |       2 |  14.3
       D:13 |    4782 |    1953 |  29.0 |       7 |       6 |  46.2
       D:14 |    5734 |   13006 |  69.4 |      16 |      33 |  67.3
       D:15 |    8705 |    1213 |  12.2 |      15 |       1 |   6.2
      Orc:1 |    3142 |     970 |  23.6 |      34 |       1 |   2.9
      Orc:2 |    2025 |    6926 |  77.4 |      18 |      34 |  65.4
    Abyss:2 |   12537 |       0 |   0.0 |      20 |       0 |   0.0
      Sewer |       0 |     638 | 100.0 |       0 |      19 | 100.0
     Bailey |       0 |    4756 | 100.0 |       0 |      28 | 100.0
            +---------+---------+-------+---------+---------+-------

Illustrated notes

Table legend:
 A = Kills in this place as a percentage of kills in the entire game.
 B = Kills by you in this place as a percentage of kills by you in the entire game.
 C = Kills by friends in this place as a percentage of kills by friends in the entire game.
 D = Other kills in this place as a percentage of other kills in the entire game.
 E = Experience gained in this place as a percentage of experience gained in the entire game.
 F = Experience gained in this place divided by the number of levels of this place that you have seen.
                   A       B       C       D       E      F
               +-------+-------+-------+-------+-------+----------------------
         Total | 100.0 | 100.0 | 100.0 | 100.0 | 100.0 | 4503.8
       Dungeon |  69.5 |  69.1 | 100.0 |   0.0 |  65.6 | 3938.7
  Orcish Mines |  17.2 |  17.3 |   0.0 | 100.0 |  14.5 | 6531.5
         Abyss |   4.0 |   4.1 |   0.0 |   0.0 |  13.9 | 12537.0
         Sewer |   3.8 |   3.9 |   0.0 |   0.0 |   0.7 | 638.0
        Bailey |   5.5 |   5.7 |   0.0 |   0.0 |   5.3 | 4756.0
               +-------+-------+-------+-------+-------+----------------------

Table legend: (Time is in decaauts)
 A = Elapsed time spent in this place.
 B = Non-inter-level travel time spent in this place.
 C = Inter-level travel time spent in this place.
 D = Time resting spent in this place.
 E = Time spent auto-exploring this place.
 F = Levels seen in this place.
 G = Mean time per level.
                   A        B        C        D        E       F      G
               +--------+--------+--------+--------+--------+-----+--------+
         Total |  20356 |  18655 |   1701 |   1008 |  13635 |  20 | 1017.8 |
       Dungeon |  15987 |  14455 |   1532 |    337 |  11417 |  15 | 1065.8 |
  Orcish Mines |   2399 |   2231 |    168 |    286 |   1251 |   2 | 1199.5 |
         Abyss |    625 |    625 |      0 |    181 |    194 |   1 |  625.0 |
         Sewer |    701 |    701 |      0 |     22 |    484 |   1 |  701.0 |
        Bailey |    642 |    642 |      0 |    181 |    287 |   1 |  642.0 |
               +--------+--------+--------+--------+--------+-----+--------+

Top non-repeatable levels by time:
   Orc:2: 1742 daAuts
     D:5: 1519 daAuts
     D:7: 1424 daAuts
    D:14: 1346 daAuts
    D:10: 1307 daAuts
     D:9: 1265 daAuts
     D:8: 1091 daAuts
    D:13: 1064 daAuts
     D:1: 1059 daAuts
     D:6: 970 daAuts
     D:4: 946 daAuts
    D:15: 882 daAuts
    D:11: 849 daAuts
     D:2: 845 daAuts
     D:3: 824 daAuts
